[Event "3rd International Chess Festival Sport"]
[Site "Paracin"]
[Date "2010.07.15"]
[Round "8.8"]
[White "Janev Evgeni"]
[Black "Damljanovic Branko"]
[Result "1/2-1/2"]
[ECO "C96"]
[WhiteElo "2463"]
[BlackElo "2541"]
[Annotator "Milojevic,Boban"]
[PlyCount "41"]
[EventDate "2010.??.??"]
[TimeControl "5400"]

1. e4 e5 2. Nf3 Nc6 3. Bb5 a6 4. Ba4 Nf6 5. O-O Be7 6. Re1 b5 7. Bb3 d6 8. c3
O-O 9. h3 Na5 10. Bc2 c5 11. d4 Nd7 12. Nbd2 cxd4 13. cxd4 Nc6 14. d5 Nb4 15.
Bb1 a5 16. a3 Na6 17. Nf1 Nac5 18. Bd2 a4 19. Bc2 Nb6 20. Ne3 Bd7 21. Rc1
1/2-1/2

[Event "3rd International Chess Festival Sport"]
[Site "Paracin"]
[Date "2010.07.15"]
[Round "8.8"]
[White "Nikolov Sasho"]
[Black "Simantsev Mikhail"]
[Result "1/2-1/2"]
[ECO "E32"]
[WhiteElo "2409"]
[BlackElo "2539"]
[Annotator "Milojevic,Boban"]
[PlyCount "40"]
[EventDate "2010.??.??"]
[TimeControl "5400"]

1. d4 Nf6 2. c4 e6 3. Nc3 Bb4 4. Qc2 O-O 5. a3 Bxc3+ 6. Qxc3 b6 7. Bg5 Bb7 8.
f3 c5 9. dxc5 bxc5 10. Nh3 h6 11. Bxf6 Qxf6 12. Qxf6 gxf6 13. Nf4 Rd8 14. O-O-O
Kf8 15. e3 Ke7 16. Be2 Nc6 17. Kc2 d6 18. Kc3 a5 19. b3 Ne5 20. Rd2 Bc6 1/2-1/2

[Event "3rd International Chess Festival Sport"]
[Site "Paracin"]
[Date "2010.07.15"]
[Round "8.8"]
[White "Kryakvin Dmitry"]
[Black "Savic Miodrag R"]
[Result "0-1"]
[ECO "A13"]
[WhiteElo "2603"]
[BlackElo "2477"]
[Annotator "Milojevic,Boban"]
[PlyCount "64"]
[EventDate "2010.??.??"]
[TimeControl "5400"]

1. c4 e6 2. Nc3 Bb4 3. e4 Ne7 4. Nf3 O-O 5. d4 d5 6. cxd5 exd5 7. Bd3 Nbc6 8.
e5 Bf5 9. O-O Qd7 10. Bxf5 Nxf5 11. Qd3 Rae8 12. Bf4 Ba5 13. Na4 Ncxd4 14. Nc5
Nxf3+ 15. Qxf3 Qb5 16. Nb3 Nh4 17. Qd1 Bb6 18. Bg3 Qc4 19. Qh5 Ng6 20. Nd2 Nf4
21. Qd1 Ne2+ 22. Kh1 Qd3 23. Bh4 Nd4 24. f4 Nf5 25. Rf3 Be3 26. Be1 f6 27. Nf1
Qxd1 28. Rxd1 Bb6 29. Rxd5 Nd4 30. Rf2 fxe5 31. Rxe5 Nc6 32. Rxe8 Rxe8 0-1

[Event "3rd International Chess Festival Sport"]
[Site "Paracin"]
[Date "2010.07.15"]
[Round "8.8"]
[White "Pavlov Sergey"]
[Black "Ardeleanu Alin"]
[Result "1-0"]
[ECO "B38"]
[WhiteElo "2524"]
[BlackElo "2399"]
[Annotator "Milojevic,Boban"]
[PlyCount "67"]
[EventDate "2010.??.??"]
[TimeControl "5400"]

1. Nf3 c5 2. c4 Nc6 3. d4 cxd4 4. Nxd4 g6 5. e4 Bg7 6. Be3 Nf6 7. Nc3 O-O 8.
Be2 d6 9. O-O Bd7 10. Qd2 Nxd4 11. Bxd4 Bc6 12. f3 a5 13. b3 Nd7 14. Bf2 Nc5
15. Rab1 Qc7 16. Rfc1 Rfc8 17. Bd1 e6 18. a3 Qe7 19. Ne2 Nd7 20. Nd4 Qf8 21.
Be3 h5 22. Be2 Kh7 23. Rd1 d5 24. Nxe6 fxe6 25. exd5 exd5 26. cxd5 Bxd5 27.
Qxd5 Nf6 28. Qg5 Rc6 29. Bd3 Qf7 30. a4 Rac8 31. Qxa5 Nd5 32. Qxd5 Qxd5 33.
Bxg6+ Rxg6 34. Rxd5 1-0

[Event "3rd International Chess Festival Sport"]
[Site "Paracin"]
[Date "2010.07.15"]
[Round "8.8"]
[White "Abramovic Bosko"]
[Black "Weinzettl Ernst"]
[Result "1-0"]
[ECO "D41"]
[WhiteElo "2491"]
[BlackElo "2325"]
[Annotator "Milojevic,Boban"]
[PlyCount "70"]
[EventDate "2010.??.??"]
[TimeControl "5400"]

1. d4 Nf6 2. c4 e6 3. Nf3 d5 4. Nc3 c5 5. cxd5 Nxd5 6. e4 Nxc3 7. bxc3 cxd4 8.
cxd4 Nc6 9. Bc4 b5 10. Bd3 a6 11. O-O Be7 12. Bb2 O-O 13. d5 exd5 14. exd5 Nb4
15. d6 Qxd6 16. Be4 Qxd1 17. Rfxd1 Ra7 18. a3 f5 19. Bb1 Nc6 20. Ba2+ Kh8 21.
Rac1 Bd7 22. h4 Be8 23. Ng5 Bxg5 24. hxg5 Bh5 25. Rd6 Na5 26. Bd4 Rb7 27. Rxa6
Nc4 28. a4 Nd2 29. Rc2 Ne4 30. axb5 Nxg5 31. b6 Rd7 32. Bb2 h6 33. Ra7 Rxa7 34.
bxa7 Bf7 35. Rc7 Be8 1-0

[Event "3rd International Chess Festival Sport"]
[Site "Paracin"]
[Date "2010.07.15"]
[Round "8.8"]
[White "Stanojoski Zvonko"]
[Black "Nestorovic Lazar"]
[Result "1-0"]
[ECO "A29"]
[WhiteElo "2487"]
[BlackElo "2310"]
[Annotator "Milojevic,Boban"]
[PlyCount "94"]
[EventDate "2010.??.??"]
[TimeControl "5400"]

1. g3 Nf6 2. Bg2 e5 3. c4 d5 4. cxd5 Nxd5 5. Nc3 Nb6 6. a4 a5 7. d3 Nc6 8. Nf3
Be7 9. O-O O-O 10. Be3 Be6 11. Nd2 Nd5 12. Nxd5 Bxd5 13. Bxd5 Qxd5 14. Rc1 f5
15. Qb3 Qxb3 16. Nxb3 Rfd8 17. Nc5 Bxc5 18. Rxc5 g6 19. Rfc1 Kf7 20. Kf1 Ke6
21. Rb5 Rab8 22. f4 exf4 23. Bxf4 Kd7 24. h4 Kc8 25. Rc4 Ra8 26. Rbc5 Kd7 27.
d4 Ke6 28. e3 Rd7 29. Rb5 Ra7 30. Rcc5 Nb4 31. Bxc7 Nd5 32. Bf4 b6 33. Rc6+ Kf7
34. Ke2 Ra8 35. Bd6 Ke6 36. Be5+ Kf7 37. Kf3 Rad8 38. e4 fxe4+ 39. Kxe4 Ke8 40.
g4 Kf7 41. h5 gxh5 42. gxh5 Kg8 43. Rh6 Kf8 44. Rb3 Rf7 45. Rd6 Rxd6 46. Bxd6+
Ne7 47. Rf3 Ke8 1-0

[Event "3rd International Chess Festival Sport"]
[Site "Paracin"]
[Date "2010.07.15"]
[Round "8.8"]
[White "Nestorovic Dejan"]
[Black "Popovic Aleksandar M"]
[Result "1-0"]
[ECO "E95"]
[WhiteElo "2423"]
[BlackElo "2244"]
[Annotator "Milojevic,Boban"]
[PlyCount "53"]
[EventDate "2010.??.??"]
[TimeControl "5400"]

1. d4 Nf6 2. c4 g6 3. Nc3 Bg7 4. e4 O-O 5. Nf3 d6 6. Be2 e5 7. O-O Nbd7 8. Re1
exd4 9. Nxd4 Re8 10. f3 c6 11. Bf1 d5 12. cxd5 cxd5 13. exd5 Rxe1 14. Qxe1 Nb6
15. Be3 Nfxd5 16. Nxd5 Nxd5 17. Bf2 b6 18. Bc4 Bb7 19. Rd1 Qg5 20. h4 Qf4 21.
Bb3 Be5 22. g3 Qf6 23. Qe4 Rd8 24. Nb5 a6 25. Nc3 Bxc3 26. bxc3 Qe6 27. Qxe6
1-0

[Event "3rd International Chess Festival Sport"]
[Site "Paracin"]
[Date "2010.07.15"]
[Round "8.8"]
[White "Pantelic Sasa"]
[Black "Zlatanovic Boroljub"]
[Result "1/2-1/2"]
[ECO "E62"]
[WhiteElo "2335"]
[BlackElo "2442"]
[Annotator "Milojevic,Boban"]
[PlyCount "54"]
[EventDate "2010.??.??"]
[TimeControl "5400"]

1. d4 g6 2. g3 Bg7 3. Bg2 d6 4. Nf3 Nf6 5. O-O O-O 6. c4 Nc6 7. Nc3 e5 8. d5
Ne7 9. c5 Ne8 10. cxd6 Nxd6 11. e4 h6 12. Ne1 f5 13. Nd3 c6 14. Qb3 Kh7 15. Nc5
Qb6 16. Ne6 Bxe6 17. dxe6 Qxb3 18. axb3 Rf6 19. Be3 a6 20. Rfd1 Rxe6 21. Na4
fxe4 22. Nc5 Rf6 23. Nd7 Re6 24. Nc5 Rf6 25. Nd7 Re6 26. Bc5 Nef5 27. Be3 Ne7
1/2-1/2